 Dungeon Crawl Stone Soup version 0.28-a0-1235-g7c8fac35f0 (webtiles) character file.

Game seed: 4787627530994353435

92589 ragingrage the Spry (level 15, -12/80 HPs)
             Began as a Felid Summoner on Dec 24, 2021.
             Was an Initiate of Gozag.
             Shot with an arrow by a deep elf archer (19 damage)
             ... on level 2 of the Elven Halls on Dec 25, 2021.
             The game lasted 02:11:09 (54438 turns).

ragingrage the Spry (Felid Summoner)               Turns: 54438, Time: 02:11:10

Health: -12/80     AC:  3    Str:  8    XL:     15   Next: 21%
Magic:  5/32       EV: 34    Int: 31    God:    Gozag
Gold:   5423       SH:  0    Dex: 19    Spells: 0/38 levels left
                                        Lives:  0   Deaths: 3

rFire   + + .      SeeInvis +   (weapon unavailable)
rCold   + + .      Faith    .   (shield unavailable)
rNeg    + . .      Spirit   .   (armour unavailable)
rPois   +          Reflect  .   (helmet unavailable)
rElec   +          Harm     .   (cloak unavailable)
rCorr   +          Rampage  .   (gloves unavailable)
Will    +++..                   (boots unavailable)
Stlth   ++........              v - amulet of Zoys {Acrobat Fly rElec rPois Str+4}
HPRegen 0.23/turn               u - ring "Fuoneqat" {rF+ rN+ Will+ Dex+3}
MPRegen 0.23/turn               H - +6 ring of intelligence

@: resistant, flying, quick
A: very small, claws 1, fangs 3, see invisible, speed 1, shaggy fur 3, stealthy
paws, no weapons or thrown items, no armour, multi-lived
}: 1/15 runes: decaying
a: Renounce Religion, Potion Petition, Call Merchant, Bribe Branch


You were on level 2 of the Elven Halls.
You worshipped Gozag.
Gozag was greatly pleased with you.
You visited 7 branches of the dungeon, and saw 31 of its levels.
You visited 1 bazaar.
You also visited: Ossuary.

You collected 11094 gold pieces.
You spent 4742 gold pieces at shops.
You paid 929 gold pieces to Gozag.

Inventory:

Jewellery
 k - a ring of poison resistance
 o - a ring of magical power
 u - the ring "Fuoneqat" (left paw) {rF+ rN+ Will+ Dex+3}
   (You acquired it on level 11 of the Dungeon)

   [ring of protection from fire]

   Dex:       It affects your dexterity (+3).
   rF:        It protects you from fire.
   rN:        It protects you from negative energy.
   Will:      It increases your willpower.
 v - the amulet of Zoys (around neck) {Acrobat Fly rElec rPois Str+4}
   (You acquired it on level 5 of the Lair of Beasts)

   [amulet of the acrobat]

   It increases your evasion while moving and waiting.
   Str:       It affects your strength (+4).
   rElec:     It insulates you from electricity.
   rPois:     It protects you from poison.
   Fly:       It grants you flight.
 E - an amulet of magic regeneration
 H - a +6 ring of intelligence (right paw)
Wands
 g - a wand of digging (13)
 m - a wand of iceblast (4)
 x - a wand of charming (8)
 y - a wand of flame (25)
 A - a wand of mindburst (26)
 B - a wand of acid (3)
 D - a wand of polymorph (19)
 G - a wand of paralysis (13)
Scrolls
 c - 2 scrolls of fear
 d - 3 scrolls of silence
 h - 3 scrolls of blinking
 n - 6 scrolls of teleportation
 q - 11 scrolls of vulnerability
 r - 9 scrolls of identify
 s - a scroll of magic mapping
 C - 4 scrolls of holy word
 M - 4 scrolls of fog
Potions
 a - 14 potions of curing
 b - 4 potions of attraction
 e - 4 potions of mutation
 f - 4 potions of haste
 i - 4 potions of ambrosia
 j - 2 potions of resistance
 l - 2 potions of berserk rage
 p - 9 potions of heal wounds
 t - 2 potions of brilliance
 z - 5 potions of flight
 F - 2 potions of cancellation
 I - a potion of lignification
 J - 3 potions of might
 O - a potion of invisibility


   Skills:
 - Level 17.1 Fighting
 - Level 20.1 Dodging
 - Level 2.6 Stealth
 - Level 12.1 Spellcasting
 - Level 7.9 Hexes
 - Level 18.9 Summonings
 - Level 7.4 Necromancy
 - Level 10.0 Translocations
 + Level 1.8 Transmutations
 + Level 6.1 Air Magic


You couldn't memorise any spells.
You knew the following spells:

 Your Spells              Type           Power      Damage    Failure   Level
a - Haunt                 Necr/Summ      39%        N/A       10%         7
b - Summon Hydra          Summ           47%        N/A       1%          7
c - Storm Form            Tmut/Air       21%        N/A       99%         7
d - Summon Guardian Gole  Hex/Summ       80%        N/A       1%          3
e - Summon Lightning Spi  Summ/Air       77%        N/A       1%          4
g - Summon Forest         Summ/Tloc      41%        N/A       1%          5
h - Summon Mana Viper     Hex/Summ       80%        N/A       1%          5

Your spell library contained the following spells:

 Spells                   Type           Power      Damage    Failure   Level
 Summon Small Mammal      Summ           100%       N/A       0%          1
 Call Imp                 Summ           94%        N/A       0%          2
 Call Canine Familiar     Summ           94%        N/A       0%          3
 Apportation              Tloc           100%       N/A       1%          1
 Shock                    Conj/Air       100%       1d9       1%          1
 Blink                    Tloc           100%       N/A       1%          2
 Corpse Rot               Necr/Air       100%       N/A       1%          2
 Poisonous Vapours        Pois/Air       74%        N/A       1%          2
 Static Discharge         Conj/Air       37%        N/A       1%          2
 Sublimation of Blood     Necr           60%        N/A       1%          2
 Wereblood                Tmut           30%        N/A       1%          2
 Swiftness                Air            54%        N/A       1%          3
 Summon Ice Beast         Ice/Summ       67%        N/A       1%          4
 Manifold Assault         Tloc           69%        N/A       1%          5
 Monstrous Menagerie      Summ           47%        N/A       1%          7
 Freeze                   Ice            72%        1d9       2%          1
 Airstrike                Air            27%        N/A       2%          4
 Iskenderun's Mystic Bla  Conj/Tloc      49%        2d11      3%          4
 Fulminant Prism          Conj/Hex       21%        3d13      4%          4
 Leda's Liquefaction      Hex/Erth       21%        N/A       4%          4
 Frozen Ramparts          Ice            36%        1d5       8%          3
 Ozocubu's Armour         Ice            18%        N/A       8%          3
 Metabolic Englaciation   Hex/Ice        21%        N/A       14%         5
 Borgnjor's Vile Clutch   Necr/Erth      20%        N/A       16%         5
 Petrify                  Tmut/Erth      24%        N/A       19%         4
 Lightning Bolt           Conj/Air       18%        1d33      21%         5
 Hailstorm                Conj/Ice       18%        3d6       26%         4
 Spellforged Servitor     Conj/Summ      33%        N/A       43%         7
 Alistair's Intoxication  Tmut/Pois      16%        N/A       45%         5
 Fireball                 Conj/Fire      9%         3d6       58%         5
 Iskenderun's Battlesphe  Conj           18%        2d7       58%         5
 Lee's Rapid Deconstruct  Erth           9%         3d8*      58%         5
 Simulacrum               Ice/Necr       20%        N/A       65%         6
 Conjure Ball Lightning   Conj/Air       18%        3x3d6     75%         6
 Statue Form              Tmut/Erth      16%        N/A       95%         6
 Iron Shot                Conj/Erth      9%         9d3       99%         6
 Orb of Destruction       Conj           9%         9d4       100%        7
 Discord                  Hex            31%        N/A       100%        8
 Maxwell's Capacitive Co  Air            27%        ∞         100%        8


Dungeon Overview and Level Annotations

Branches:
Dungeon (15/15)            Temple (1/1) D:4            Lair (6/6) D:8
  Swamp (4/4) Lair:2       Spider (1/4) Lair:3        Slime (0/5) Lair:5
    Orc (2/2) D:9             Elf (2/3) Orc:2        Vaults (0/5) D:13
Ossuary (visited)
 Depths: D:15

Altars:
Ashenzari
Dithmenos
Fedhas
Gozag
Hepliaklqana
Kikubaaqudgha
Nemelex Xobeh
Qazlal
Ru
Trog
Uskayaw
Xom
Yredelemnul
Zin
The Shining One
Beogh

Shops:
D:4 *   D:12 :   Orc:2 :([*   Elf:2 =   Lair:1 :

Annotations:
D:13 exclusion: downstairs
D:14 Agnes
D:15 exclusion: meliai
Lair:1 exclusion: 2 downstairs
Lair:5 exclusion: downstairs
Lair:6 2 runed translucent doors
Swamp:4 3 runed translucent doors, Uweimen's ghost, journeyman VSBe


Innate Abilities, Weirdness & Mutations

You have sharp claws.
You have razor-sharp teeth.
You have supernaturally acute eyesight. (SInv)
You cover ground quickly. (Speed+)
Your thick and shaggy fur keeps you warm. (AC +3, rC+)
Your paws help you pounce on unaware monsters.
You are incapable of wielding weapons or throwing items.
You cannot wear armour.
You gain extra lives every three experience levels.


Message History

Unknown command.
The deep elf knight completely misses you.
The deep elf knight hits you with a +0 short sword.
* * * LOW HITPOINT WARNING * * *
The deep elf knight completely misses you.
The deep elf knight misses you.
Your surroundings suddenly seem different.
A deep elf knight comes into view. It is wielding a +0 short sword.
The deep elf knight shouts!
The +0 trident of protection completely misses you.
The +0 trident of protection hits you from afar!
* * * LOW HITPOINT WARNING * * *
Blink to where?
Press: ? - help, Dir - move target
As you read the scroll of blinking, it crumbles to dust.
As you read the scroll of teleportation, it crumbles to dust.
You feel strangely unstable.
The deep elf knight unwields a +0 short sword.
The deep elf knight wields a +0 shortbow.
The deep elf knight shoots an arrow.
The arrow barely misses you. 2 dancing weapons come into view.
There is a +1 short sword of draining.
There is a +2 mace of holy wrath.
The +1 short sword of draining moves out of view.
The deep elf pyromancer shouts!
You hear a shout! x2
A +1 hand axe of electrocution comes into view.
Okay, then.
A deep elf pyromancer comes into view. It is wielding a +0 long sword.
The deep elf pyromancer shouts!
Your surroundings suddenly seem different.
A +3 war axe of venom comes into view.
The deep elf archer shouts!
Okay, then.
Blink to where?
Press: ? - help, Dir - move target
As you read the scroll of blinking, it crumbles to dust.
The deep elf archer unwields a +0 short sword.
The deep elf archer wields a +0 shortbow.
The deep elf archer shoots an arrow.
The arrow hits you!!
You die...
Your body crumbles into a pile of gold.

.## *,* **,**#### #.##
#.* *#'#...### ##.## #.*
###.......##* ##.###'##
#...........* ##'#...##
#..!........*
##.....###...........*
####.......##.....8.....*
...'......§''....[......*
####....(..##e..@e......*
##.....###...........*
##...## ###.......##*
##### ###...### *####


You could see 2 deep elf archers.

Vanquished Creatures
  An eleionoma (Swamp:1)
  A fire dragon (D:11)
  2 two-headed ogres
  A deep elf pyromancer (Elf:1)
  Maurice (D:9)
  A human (D:13)
  A swamp dragon zombie (Swamp:3)
  An ogre (Orc:2)
  A bullfrog (Lair:1)
  A wyvern skeleton (D:6)
  2 centaur zombies
  A hound (D:6)
  A mummy (Ossuary)
  2 adders (D:3)
  An ufetubus (D:4)
  An orc (Orc:1)
  A ball python (D:1)
  3 hobgoblins
  2 quokkas
  A bat (D:1)
  A frilled lizard (D:2)
  A hobgoblin zombie (Ossuary)
  3 kobold zombies (Ossuary)
  An orc zombie (Ossuary)
  2 rats (D:8)
34 creatures vanquished.

Vanquished Creatures (collateral kills)
  Bai Suzhen (Swamp:4)
  Rupert (Lair:3)
  Gastronok (D:9)
  Kirke (Lair:6)
  A thorn hunter (Swamp:4)
  A fenstrider witch (Swamp:2)
  An orc warlord (Orc:2)
  4 deep elf sorcerers
  2 very ugly things (Swamp:4)
  A deep elf demonologist (Elf:1)
  7 eleionomae
  4 bunyips
  2 green deaths (Swamp:4)
  A deep elf death mage (Elf:2)
  2 great orbs of eyes (Swamp:4)
  A hell beast (Swamp:4)
  Erolcha (D:13)
  8 boulder beetles
  16 hydras
  2 vault guards (D:13)
  A death knight (D:13)
  3 alligators
  A death yak (Lair:3)
  3 two-headed ogres
  3 tengu warriors
  10 dancing weapons
  4 orc high priests
  2 thrashing horrors (Swamp:4)
  7 deep elf knights
  A fire crab (Lair:6)
  2 bunyip zombies (Swamp:3)
  2 goliath frogs
  5 swamp dragons
  5 spriggan druids
  11 bog bodies
  2 phantasmal warriors (D:13)
  6 orc knights (Orc:2)
  6 deep elf archers
  An orb spider (Spider:1)
  18 deep elf zephyrmancers
  A necromancer (Swamp:3)
  16 deep elf pyromancers
  5 wolf spiders (Spider:1)
  5 orc sorcerers
  4 cyclopes
  3 will-o-the-wisps
  8 ugly things
  A glowing shapeshifter (Elf:1)
  4 elephants (Lair:6)
  7 black mambas
  2 gargoyles
  A torpor snail (Lair:6)
  2 molten gargoyles (Lair:6)
  3 orange demons (Swamp:4)
  3 cane toads
  An unseen horror (D:11)
  5 komodo dragons
  4 rime drakes
  2 freezing wraiths
  3 kobold demonologists
  11 tyrant leeches
  3 polar bears
  5 jumping spiders
  A bloated husk (Swamp:2)
  A hydra zombie (Swamp:3)
  6 hornets
  8 trolls
  A wolf spider simulacrum (D:15)
  5 blink frogs
  11 dream sheep
  Prince Ribbit (D:5)
  Grinder (D:3)
  16 slime creatures
  4 redbacks
  2 shadows (Swamp:4)
  A water elemental (Elf:1)
  7 spriggans
  5 tarantellas (Spider:1)
  5 wyverns
  5 nameless horrors
  Eustachio (D:5)
  7 basilisks
  4 fire bats (D:8)
  3 wraiths
  46 yaks
  7 humans (D:13)
  10 vampire mosquitoes
  Grum (D:9)
  A steam dragon (Lair:6)
  4 wargs
  A warg (shapeshifter) (D:12)
  An acid dragon (D:14)
  Edmund (D:4)
  11 swamp worms
  12 water moccasins
  Duvessa (D:7)
  6 hell hounds
  30 orc warriors
  A swamp drake (Swamp:4)
  A sky beast (D:7)
  3 swamp dragon zombies (Swamp:3)
  A necrophage (D:7)
  11 wolves
  9 ogres
  2 centaurs
  7 kobold brigands
  9 bullfrogs
  A gnoll sergeant (D:6)
  4 elf zombies (Ossuary)
  2 earth elementals
  3 scorpions (D:5)
  A wyvern skeleton (D:7)
  A water moccasin skeleton (D:4)
  Dowan (D:7)
  6 killer bees
  3 electric eels
  4 centaur zombies
  13 howler monkeys
  7 lava snakes
  2 jellies
  Crazy Yiuf (D:5)
  2 centaur skeletons
  A hound (D:6)
  24 orc priests
  3 gnoll shamans
  3 iguanas
  23 orc wizards
  8 hell rats
  2 mummies
  18 gnolls
  6 river rats (D:8)
  3 adders
  A shadow imp (D:6)
  2 white imps
  An ufetubus (D:5)
  4 adder zombies (Ossuary)
  A worm (D:2)
  A dart slug (D:1)
  62 orcs
  6 endoplasms
  3 giant cockroaches
  8 goblins
  5 hobgoblins
  2 jackals (D:5)
  8 quokkas
  4 ball pythons
  6 bats
  3 frilled lizards
  7 hobgoblin zombies (Ossuary)
  24 kobolds
  11 kobold zombies
  6 orc zombies (Ossuary)
  8 rats
  5 briar patches (Swamp:4)
  2 fire vortices (D:8)
843 creatures vanquished.

Vanquished Creatures (others)
  2 hydras
  A vault guard (D:13)
  4 centaur warriors
  A wizard (D:15)
  An orc knight (Orc:2)
  A deep elf pyromancer (Elf:1)
  2 black mambas
  A cane toad (Lair:2)
  3 komodo dragons
  A troll (D:11)
  2 bloated husks (Swamp:3)
  2 blink frogs (Lair:1)
  2 redbacks (Lair:3)
  A water elemental (Elf:2)
  2 wyverns
  2 hogs (Lair:6)
  22 yaks
  A basilisk (Lair:2)
  2 humans
  An acid dragon (D:8)
  A water moccasin (Lair:2)
  3 orc warriors
  A nameless horror (Orc:2)
  A black bear (Lair:1)
  5 ogres (D:6)
  A wolf (D:9)
  3 centaurs (D:13)
  A kobold brigand (D:6)
  A bullfrog (D:6)
  A wyvern zombie (D:7)
  A gnoll sergeant (D:6)
  4 wights (D:8)
  A gnoll shaman (D:6)
  An orc wizard (D:8)
  7 hell rats
  2 gnolls (D:6)
  2 river rats (D:8)
  2 orcs
  2 rats (D:8)
  A fire vortex (D:8)
  14 foxfires
  68 fungi
  38 plants
  8 snaplasher vines
223 creatures vanquished.

Grand Total: 1100 creatures vanquished

Notes
Turn   | Place    | Note
-------+----------+-------------------------------------------
     0 | D:1      | ragingrage the Felid Summoner began the quest for the Orb.
     0 | D:1      | Reached XP level 1. HP: 7/7 MP: 4/4
  1206 | D:1      | Reached XP level 2. HP: 11/11 MP: 0/6
  1719 | D:1      | Learned a level 2 spell: Call Imp
  1912 | D:1      | Found a faded altar of an unknown god.
  1988 | D:1      | Reached XP level 3. HP: 14/14 MP: 5/8
  2011 | D:1      | Learned a level 3 spell: Call Canine Familiar
  2813 | D:2      | Found a broken altar of Ashenzari.
  3506 | D:3      | Reached XP level 4. HP: 18/18 MP: 4/9
  3578 | D:3      | Reached skill level 5 in Summonings
  3610 | D:3      | Noticed Grinder
  4018 | D:4      | Found Fysiggos's Neck Hole.
  4128 | D:4      | Reached XP level 5. HP: 21/21 MP: 7/11
  4304 | D:4      | Noticed an ogre
  4321 | D:4      | Killed an ogre
  4439 | D:4      | Found a staircase to the Ecumenical Temple.
  4452 | Temple   | Entered the Ecumenical Temple
  4502 | Temple   | Learned a level 3 spell: Summon Guardian Golem
  4626 | Temple   | Became a worshipper of Gozag Ym Sagoz the Greedy
  4728 | D:4      | Reached skill level 1 in Hexes
  4728 | D:4      | Gained mutation: You are covered in thick fur. (AC +2)
                  | [Felid growth]
  4728 | D:4      | Reached XP level 6. HP: 14/24 MP: 9/13
  5086 | D:4      | Noticed Edmund
  5664 | D:5      | Entered Level 5 of the Dungeon
  5729 | D:5      | Noticed Eustachio
  5757 | D:5      | Noticed Prince Ribbit
  6025 | D:5      | Killed Prince Ribbit
  6026 | D:5      | Reached XP level 7. HP: 22/27 MP: 6/14
  6081 | D:5      | Found a sand-covered staircase.
  6093 | D:5      | Reached skill level 5 in Hexes
  6126 | Ossuary  | Entered an ossuary
  6896 | D:5      | Reached XP level 8. HP: 23/31 MP: 8/15
  7605 | D:5      | Found a runed translucent door.
  7606 | D:5      | Noticed Crazy Yiuf
  7738 | D:5      | Killed Crazy Yiuf
  8036 | D:6      | Reached skill level 10 in Summonings
  8357 | D:5      | Killed Eustachio
  8506 | D:5      | Reached XP level 9. HP: 4/34 MP: 9/16
  9431 | D:6      | Learned a level 4 spell: Summon Lightning Spire
  9464 | D:6      | Reached skill level 3 in Dodging
  9489 | D:6      | Reached skill level 1 in Fighting
  9563 | D:6      | Reached skill level 1 in Air Magic
  9821 | D:6      | Reached skill level 4 in Dodging
  9997 | D:6      | Noticed a kobold demonologist
 10012 | D:6      | Noticed an orange demon
 10020 | D:6      | Noticed a sixfirhy
 10628 | D:6      | Reached skill level 5 in Dodging
 10984 | D:6      | Reached XP level 10. HP: 42/42 MP: 14/17
 11614 | D:7      | Noticed Duvessa
 11623 | D:7      | Killed Duvessa
 11624 | D:7      | Reached skill level 6 in Dodging
 11628 | D:7      | Noticed Dowan
 11635 | D:7      | Killed Dowan
 11883 | D:7      | Found a bloodstained altar of Trog.
 13385 | D:8      | Reached skill level 7 in Dodging
 13599 | D:8      | Learned a level 4 spell: Leda's Liquefaction
 13678 | D:8      | Reached skill level 5 in Fighting
 14495 | D:8      | Reached skill level 5 in Air Magic
 14495 | D:8      | Reached XP level 11. HP: 48/48 MP: 12/18
 14646 | D:8      | Found a staircase to the Lair.
 14917 | D:4      | Bought an amulet of magic regeneration for 330 gold pieces
 14956 | D:4      | Reached skill level 8 in Dodging
 14975 | D:4      | Killed Edmund
 15015 | D:3      | Paralysed by Grinder for 7 turns
 15025 | D:3      | Killed Grinder
 15221 | D:9      | Noticed Gastronok
 15443 | Lair:1   | Entered Level 1 of the Lair of Beasts
 15666 | Lair:1   | Noticed a six-headed hydra
 15776 | Lair:1   | Killed a six-headed hydra
 15940 | Lair:1   | Reached skill level 5 in Spellcasting
 16497 | Lair:1   | Reached skill level 9 in Dodging
 16947 | Lair:2   | Noticed a bog body
 16947 | Lair:2   | Noticed a bog body
 16947 | Lair:2   | Found a staircase to the Swamp.
 16976 | Lair:2   | Noticed a boulder beetle
 17011 | Lair:2   | Killed a boulder beetle
 17441 | Lair:2   | Reached skill level 10 in Dodging
 17727 | Lair:2   | Killed a bog body
 17914 | Lair:2   | Gained mutation: Your thick and shaggy fur keeps you warm.
                  | (AC +3, rC+) [Felid growth]
 17914 | Lair:2   | Reached XP level 12. HP: 54/54 MP: 17/22
 18488 | Lair:3   | Noticed a death yak
 18489 | Lair:3   | Noticed a death yak
 18515 | Lair:3   | Killed a death yak
 19284 | Lair:3   | Found a hole to the Spider Nest.
 19731 | Lair:3   | Noticed Rupert
 20008 | Lair:4   | You fall into a shaft and drop 2 floors!
 20008 | Lair:6   | Entered Level 6 of the Lair of Beasts
 20160 | Lair:6   | Noticed a four-headed hydra
 20311 | Lair:5   | Noticed a seven-headed hydra
 20328 | Lair:5   | Killed a seven-headed hydra
 20619 | Lair:4   | Reached skill level 15 in Summonings
 21454 | Lair:5   | Found a staircase to the Slime Pits.
 21476 | Lair:5   | Reached XP level 13. HP: 61/61 MP: 26/26
 22276 | Lair:5   | Identified a scroll of acquirement
 22276 | Lair:5   | Acquired the amulet of Zoys {Acrobat Fly rElec rPois Str+4}
 22544 | Lair:5   | Reached skill level 10 in Fighting
 23312 | Lair:6   | Noticed Kirke
 23330 | Lair:6   | Killed Kirke
 24179 | Lair:6   | Reached skill level 11 in Dodging
 25211 | Lair:6   | Noticed a fire dragon
 25212 | Lair:6   | Found a large runed translucent door.
 25213 | Lair:6   | Found a large runed translucent door.
 25509 | Lair:6   | Reached skill level 10 in Spellcasting
 26108 | Lair:1   | Bought a manual of Fighting for 1040 gold pieces
 26479 | D:9      | Killed Gastronok
 26730 | D:9      | Found a staircase to the Orcish Mines.
 26804 | D:9      | Identified the +1 robe of Lovioleunn {rPois Will+ Str-5
                  | Int+5}
 26837 | D:9      | Reached skill level 12 in Dodging
 27013 | D:9      | Noticed Grum
 27034 | D:9      | Killed Grum
 27163 | D:9      | Noticed Maurice
 27176 | D:9      | Killed Maurice
 27384 | D:10     | Entered Level 10 of the Dungeon
 27459 | D:10     | Reached XP level 14. HP: 67/67 MP: 20/29
 28460 | D:10     | Acquired 1137 gold pieces
 29657 | D:11     | HP: 3/69 [fire dragon/blast of flame (46)]
 30376 | D:11     | Acquired the ring "Fuoneqat" {rF+ rN+ Will+ Dex+3}
 30428 | D:12     | Acquired a book of Blood
 30440 | D:12     | Learned a level 7 spell: Summon Hydra
 30491 | D:12     | Found Fafajang's Book Boutique.
 30502 | D:12     | Reached skill level 13 in Dodging
 30577 | D:12     | Bought a manual of Dodging for 1440 gold pieces
 30792 | D:12     | Identified the amulet of the Lotus Blossom {Acrobat rPois
                  | rF- Int+9 Stlth-}
 30887 | D:12     | Found a frozen archway.
 31954 | D:13     | Noticed Erolcha
 32217 | D:13     | Identified the +2 scale mail of Fortitude {Rampage rF+++
                  | Str-4 Int+4}
 32285 | D:13     | Slain by a phantasmal warrior
 32286 | D:13     | Reached XP level 13. HP: 0/66 MP: 11/28
 32300 | D:13     | Killed Erolcha
 32301 | D:13     | Reached skill level 14 in Dodging
 32727 | D:13     | Found a gate to the Vaults.
 32992 | D:13     | Reached skill level 15 in Dodging
 33867 | Orc:1    | Entered Level 1 of the Orcish Mines
 34990 | Orc:1    | Reached XP level 14. HP: 61/72 MP: 14/29
 35858 | Orc:2    | Entered Level 2 of the Orcish Mines
 35888 | Orc:2    | Reached skill level 16 in Dodging
 36173 | Orc:2    | Found a staircase to the Elven Halls.
 36946 | Orc:2    | Noticed an orc warlord
 36964 | Orc:2    | Killed an orc warlord
 37160 | Orc:2    | Reached skill level 15 in Fighting
 37216 | Orc:2    | Found Moocvy's Book Shoppe.
 37224 | Orc:2    | Bought the Reference Book on the Unholy Escort for 442 gold
                  | pieces
 37224 | Orc:2    | Bought the Guide on Bewitching Calling for 520 gold pieces
 37478 | Orc:2    | Learned a level 5 spell: Summon Forest
 37638 | Orc:2    | Learned a level 7 spell: Haunt
 37724 | Orc:2    | Found Sulieth's Antique Weapon Shoppe.
 37854 | Orc:2    | Reached skill level 17 in Dodging
 37952 | Orc:2    | Reached skill level 1 in Necromancy
 38250 | Orc:2    | Found Gelesois's General Store.
 38258 | Orc:2    | Bought a scroll of teleportation for 48 gold pieces
 38305 | Orc:2    | Found Nos Exal's Antique Armour Shoppe.
 38573 | D:14     | Noticed Agnes
 39654 | D:14     | Acquired a book of Lightning
 40359 | D:15     | Entered Level 15 of the Dungeon
 40881 | Swamp:1  | Entered Level 1 of the Swamp
 41821 | Swamp:1  | Identified the +0 chain mail of Moral Flaws {Dex+4}
 41897 | Swamp:1  | Reached skill level 1 in Translocations
 42380 | Swamp:2  | Reached XP level 15. HP: 52/78 MP: 7/30
 42658 | Swamp:2  | Reached skill level 18 in Dodging
 42799 | Swamp:2  | Noticed a fenstrider witch
 42816 | Swamp:2  | Killed a fenstrider witch
 43414 | Swamp:2  | You are sucked into a shaft and drop 1 floor!
 43644 | Swamp:3  | Reached skill level 5 in Translocations
 44480 | Swamp:3  | Identified the +5 flail "Xaburghemin" {holy, +Blink rPois
                  | Will- Str+6}
 44944 | Swamp:4  | Entered Level 4 of the Swamp
 44944 | Swamp:4  | Noticed a thorn hunter
 44952 | Swamp:4  | Killed a thorn hunter
 45083 | Swamp:4  | Noticed Uweimen's ghost (journeyman VSBe)
 45318 | Swamp:4  | Noticed a thorn hunter
 45319 | Swamp:4  | Found a runed translucent gate.
 45320 | Swamp:4  | Found a runed translucent gate.
 45330 | Swamp:4  | Noticed a thorn hunter
 45583 | Swamp:4  | Found a runed translucent gate.
 46362 | Swamp:4  | Reached skill level 19 in Dodging
 46463 | Swamp:4  | Reached skill level 5 in Necromancy
 46634 | Swamp:4  | Noticed Bai Suzhen
 46873 | Swamp:4  | Killed Bai Suzhen
 47160 | Swamp:4  | Reached XP level 16. HP: 49/84 MP: 11/32
 47993 | Swamp:4  | Reached skill level 10 in Translocations
 48189 | Swamp:4  | Got a decaying rune of Zot
 48496 | Spider:1 | Entered Level 1 of the Spider Nest
 49239 | Lair:3   | Killed Rupert
 49662 | Spider:1 | Learned a level 5 spell: Summon Mana Viper
 49841 | Elf:1    | Entered Level 1 of the Elven Halls
 50434 | Orc:2    | Reached skill level 20 in Dodging
 52733 | Elf:2    | Found Qeicuaj's Jewellery Shoppe.
 52891 | Elf:2    | HP: 3/84 [deep elf knight (28)]
 52893 | Elf:2    | Demolished by a deep elf knight
 52894 | Elf:2    | Reached XP level 15. HP: -14/80 MP: 2/31
 52906 | Elf:2    | Noticed a deep elf sorcerer
 52913 | Elf:2    | Noticed a deep elf sorcerer
 52918 | Elf:2    | Demolished by a +1 war axe of electrocution
 52919 | Elf:2    | Reached XP level 14. HP: -19/76 MP: 6/30
 53104 | Elf:2    | Noticed a deep elf sorcerer
 53111 | Elf:2    | Killed a deep elf sorcerer
 53299 | Elf:2    | Killed a deep elf sorcerer
 53300 | Elf:2    | Reached XP level 15. HP: 46/80 MP: 14/32
 53330 | Elf:2    | Found a flickering gateway to a bazaar.
 53339 | Bazaar   | Entered a bazaar
 53339 | Bazaar   | Found Josoyps's Antique Armour Boutique.
 53339 | Bazaar   | Found Bukhewel's General Store.
 53339 | Bazaar   | Found Cigiuh's Antique Armour Boutique.
 53339 | Bazaar   | Found Rooloj's Weapon Shop.
 53339 | Bazaar   | Found Fiab's Book Boutique.
 53468 | Bazaar   | Bought a scroll of fog for 26 gold pieces
 53468 | Bazaar   | Bought a scroll of amnesia for 45 gold pieces
 53468 | Bazaar   | Bought a potion of mutation for 104 gold pieces
 53468 | Bazaar   | Bought a potion of curing for 39 gold pieces
 53468 | Bazaar   | Bought a potion of haste for 130 gold pieces
 53470 | Bazaar   | Bought an Inescapable Atlas for 578 gold pieces
 53538 | Elf:2    | Killed a deep elf sorcerer
 53658 | Elf:2    | Learned a level 7 spell: Storm Form
 53969 | Elf:2    | Reached skill level 1 in Transmutations
 54423 | Elf:2    | HP: 3/80 [deep elf knight (16)]
 54438 | Elf:2    | Shot with an arrow by a deep elf archer

Illustrated notes

Levels and vault maps discovered:
D:1:      sevenhm_arrival_forest_fort_small_3, layout_basic,
          chequers_ecumenical_altar_island, hangedman_glass_teeth,
          nicolae_figureground_sparkle
D:2:      wander_river, layout_loops_cross, basic_altar
D:3:      layout_rooms, amethyst_killhole, minmay_surrounded, uniq_grinder
D:4:      layout_basic, minmay_temple_entry_waves,
          nicolae_shop_sticking_my_neck_out, uniq_edmund
D:5:      layout_cave_pools, nicolae_ossuary_entry_giza, uniq_prince_ribbit1,
          uniq_crazy_yiuf_cottage, uniq_eustachio
D:6:      lemuel_castle_with_subvaults [lemuel_castle_interior_carwin_3],
          layout_cave_pools, grunt_ministairs_2
D:7:      layout_cave_pools, mainiacjoe_overflow_six_doors_small, uniq_duvessa
D:8:      lemuel_ratsnest, layout_basic, lair_entry_dummy, hangedman_incinerator
D:9:      layout_roguey, orc_0_dummy, uniq_gastronok, uniq_grum, uniq_maurice
D:10:     layout_irregular_city, grunt_decor_resistance, blue_anna_alchemist
D:11:     layout_roguey, hangedman_decor_riveting, grunt_tough_drop
D:12:     layout_stronghold, portal_ice_cave_entry_pillars_1, serial_shops,
          shop, serial_co_window_serial, co_window_corner_a, co_window_paths_a,
          co_window_paths_a, co_window_of_opportunity_a, co_window_paths_a,
          co_window_of_opportunity_b, co_window_broadway_b,
          co_window_broadway_b, co_window_corner_b, glass_columns_a,
          glass_columns_b, glass_columns_a, glass_columns_a
D:13:     layout_irregular_city, ximxim_vaults_locker_room, uniq_erolcha
D:14:     layout_basic, corexii_corridor_pit, st_stairs_11, due_unseen_surprise,
          uniq_agnes
D:15:     grunt_enter_depths_giant_problem, layout_loops_cross, enter_trove_6
Temple:   mainiacjoe_temple_circle_huts
Lair:1:   layout_roguey, serial_bayou_shore_b, grunt_megastairs_4,
          infiniplex_staircase_pool
Lair:2:   layout_roguey, skrybe_swamp_entry_bodies, grunt_megastairs_1
Lair:3:   layout_cave_pods, spider_nest_entry_funnel_web, serial_bayou_lake_a,
          uniq_rupert
Lair:4:   layout_cave_pods
Lair:5:   layout_regular_city, minmay_slime_entry_pillars, lemuel_fruit_fields
Lair:6:   cheibrodos_lair_end_hotspot, layout_layer_cave,
          nicolae_quartered_pool_super, uniq_kirke
Swamp:1:  nicolae_swamp_ascending_descending, layout_falls_marsh,
          evilmike_swamp_ruin_house_5, swamp_pool5, lightli_tree_ring
Swamp:2:  layout_basic_swamp, evilmike_swamp_ruin_house_2
Swamp:3:  layout_basic_swamp, serial_swamp_ruin, evilmike_swamp_ruin_rubble_2,
          evilmike_swamp_ruin_rubble_1, swamp_pool3,
          nicolae_swamp_necromancer_hut
Swamp:4:  swamp_vile, layout_basic_swamp, gammafunk_ghost_split, uniq_bai_suzhen
Spider:1: layout_spider_delve, drop_trap, nicolae_spider_orb_run
Orc:1:    layout_caves, minmay_orc_temple_c
Orc:2:    grunt_orc_gardens, layout_caves, grunt_orc_garden, grunt_orc_garden,
          grunt_orc_garden, grunt_orc_garden
Elf:1:    minmay_elf_arrival_plus, layout_loops_corners, minmay_elf_demonology,
          hangedman_elven_pyramids, st_stairs_6
Elf:2:    nicolae_elf_blades_splatter_lattice [infiniplex_blade_entry_pillars],
          layout_geoelf_grid, serial_shops, bzr_firewalk,
          minmay_shop_enchanted_jewellery, hangedman_research_pyrotechnics,
          lemuel_upstairs_altar

Skill      XL: |  1  2  3  4  5  6  7  8  9 10 11 12 13 14 15 16 |
---------------+-------------------------------------------------+-----
Spellcasting   | 3 4 6 8 10 12 11 | 12.1
Summonings     | 5 6 8 11 12 13 14 15 17 18 | 18.9
Hexes          | 1 4 5 7 |  7.9
Dodging        | 5 7 10 15 17 19 20 | 20.1
Fighting       | 3 5 7 9 14 15 16 17 | 17.1
Air Magic      | 2 5 6 |  6.1
Necromancy     | 3 5 7 |  7.4
Translocations | 3 9 10 | 10.0
Transmutations | 1 |  1.8
Stealth        | |  2.6

Action                   |  1- 3 |  4- 6 |  7- 9 | 10-12 | 13-15 | 16-18 || total
-------------------------+-------+-------+-------+-------+-------+-------++-------
Melee: Unarmed           |    52 |    40 |    72 |    98 |   280 |    55 ||   597
       Bite              |     5 |     3 |     6 |     7 |    36 |     8 ||    65
 Cast: Summon Small Mamm |    56 |    37 |    62 |    38 |     9 |       ||   202
       Call Imp          |    14 |    17 |    24 |    22 |       |       ||    77
       Call Canine Famil |       |     4 |    34 |    59 |   165 |    21 ||   283
       Summon Guardian G |       |       |    17 |    67 |    72 |     8 ||   164
       Summon Lightning  |       |       |     5 |    42 |   110 |    12 ||   169
       Summon Hydra      |       |       |       |       |   194 |    42 ||   236
       Leda's Liquefacti |       |       |       |       |     1 |       ||     1
       Summon Forest     |       |       |       |       |    17 |    19 ||    36
       Haunt             |       |       |       |       |     3 |     4 ||     7
       Summon Mana Viper |       |       |       |       |     2 |     4 ||     6
Invok: Call Merchant     |       |       |       |       |     1 |       ||     1
       Potion Petition   |       |       |       |       |     1 |       ||     1
Evoke: Wand              |       |     1 |       |       |    15 |     4 ||    20
  Use: Scroll            |     3 |     1 |       |    10 |    25 |     6 ||    45
       Potion            |     3 |       |     1 |     1 |     2 |     1 ||     8
 Stab: Distracted        |       |     1 |     1 |     2 |    10 |     1 ||    15
       Sleeping          |       |       |     1 |       |       |       ||     1
       Paralysed         |       |       |       |       |     2 |       ||     2
Armor: Skin              |     5 |     5 |    10 |    26 |    37 |     1 ||    84
Dodge: Dodged            |    84 |    47 |   115 |   206 |   671 |   153 ||  1276

Table legend: (Time is in decaauts)
 A = Elapsed time spent in this place.
 B = Non-inter-level travel time spent in this place.
 C = Inter-level travel time spent in this place.
 D = Time resting spent in this place.
 E = Time spent auto-exploring this place.
 F = Levels seen in this place.
 G = Mean time per level.
                   A        B        C        D        E       F      G
               +--------+--------+--------+--------+--------+-----+--------+
         Total |  50044 |  47406 |   2638 |  17439 |  19499 |  33 | 1516.5 |
       Dungeon |  22575 |  21151 |   1424 |   7623 |   8781 |  15 | 1505.0 |
        Temple |    149 |    124 |     25 |      0 |    106 |   1 |  149.0 |
          Lair |  10465 |   9791 |    674 |   3436 |   4410 |   6 | 1744.2 |
         Swamp |   6958 |   6773 |    185 |   2409 |   3000 |   4 | 1739.5 |
   Spider Nest |    613 |    564 |     49 |    112 |    268 |   1 |  613.0 |
  Orcish Mines |   5123 |   4879 |    244 |   2268 |   1508 |   2 | 2561.5 |
   Elven Halls |   3365 |   3332 |     33 |   1374 |   1155 |   2 | 1682.5 |
        Bazaar |    131 |    131 |      0 |      0 |    125 |   1 |  131.0 |
       Ossuary |    660 |    660 |      0 |    213 |    144 |   1 |  660.0 |
               +--------+--------+--------+--------+--------+-----+--------+

Top non-repeatable levels by time:
  Lair:6: 3153 daAuts
 Swamp:4: 3149 daAuts
     D:6: 2773 daAuts
   Orc:1: 2567 daAuts
   Orc:2: 2555 daAuts
    D:13: 2447 daAuts
     D:5: 2230 daAuts
     D:1: 2027 daAuts
     D:8: 1975 daAuts
   Elf:1: 1854 daAuts
  Lair:3: 1836 daAuts
    D:10: 1674 daAuts
  Lair:1: 1671 daAuts
  Lair:5: 1656 daAuts
     D:4: 1522 daAuts
